 Dungeon Crawl Stone Soup version 0.29.1-12-g30fa7ad0bf (webtiles) character file.

Game seed: 8003757284932840125

20 Hrothgar the Chopper (level 2, -3/29 HPs)
             Began as a Hill Orc Monk on Jan 12, 2023.
             Slain by a hound (4 damage)
             ... on level 2 of the Dungeon.
             The game lasted 00:02:21 (681 turns).

Hrothgar the Chopper (Hill Orc Monk)                 Turns: 681, Time: 00:02:23

Health: -3/29      AC:  2    Str: 12    XL:     2   Next: 79%
Magic:  2/2        EV: 13    Int:  9    God:
Gold:   50         SH:  0    Dex: 17    Spells: 1/1 levels left

rFire   . . .      SeeInvis .   a - +0 hand axe
rCold   . . .      Faith    .   (no shield)
rNeg    . . .      Spirit   .   b - +0 robe
rPois   .          Reflect  .   (no helmet)
rElec   .          Harm     .   (no cloak)
rCorr   .          Rampage  .   (no gloves)
Will    .....                   (no boots)
Stlth   ++........              (no amulet)
HPRegen 0.09/turn               (no ring)
MPRegen 0.08/turn               (no ring)

@: lethally poisoned (-3 -> -11), attractive
A: agile 1, robust 1
a: no special abilities


You were on level 2 of the Dungeon.
You visited 1 branch of the dungeon, and saw 2 of its levels.

You collected 50 gold pieces.

Inventory:

Hand Weapons
 a - a +0 hand axe (weapon)
Armour
 b - a +0 robe (worn)
Potions
 c - a potion of ambrosia
 f - a potion of might


   Skills:
 * Level 3.9 Fighting
 * Level 4.3 Axes
 * Level 0.1 Armour
 * Level 2.6 Dodging
 * Level 1.8 Stealth


You had one spell level left.
You didn't know any spells.
Your spell library contained the following spells:

 Spells                   Type           Power      Damage    Failure   Level
 Confusing Touch          Hex            0%         N/A       77%         3
 Yara's Violent Unravell  Hex/Tmut       0%         3d3       100%        5
 Enfeeble                 Hex            0%         N/A       100%        7


Dungeon Overview and Level Annotations

Branches:
Dungeon (2/15)

Altars:

Shops:
D:2 [


Innate Abilities, Weirdness & Mutations

You are agile. (Dex +4, Str/Int -1)
You are robust. (+10% HP)


Message History

The rat completely misses you.
You hit the rat.
You kill the rat!
You see here a rat corpse.
A hound comes into view.
Found 15 gold pieces.
An adder comes into view.
The hound closely misses you.
You hit the hound but do no damage. The hound bites you. The hound misses you.
You hit the hound but do no damage. You barely miss the adder.
The adder closely misses you. The hound misses you.
The adder barely misses you. The hound bites you.
You miss the hound. You hit the adder. The hound bites you.
The adder barely misses you.
You barely miss the hound. You hit the adder but do no damage.
The hound barely misses you. The adder barely misses you.
The hound barely misses you. The adder bites you but does no damage.
You closely miss the hound. You hit the adder. The hound misses you.
The adder closely misses you.
You barely miss the hound. You hit the adder. The hound misses you.
The adder bites you but does no damage. The hound closely misses you.
You closely miss the hound. You closely miss the adder. The adder bites you.
You are poisoned.
The adder poisons you! The hound barely misses you. The hound bites you.
The adder bites you.
You hit the hound.
The hound is lightly wounded.
You hit the adder.
You feel sick. The hound bites you.
* * * LOW HITPOINT WARNING * * *
The adder bites you.
* * * LOW HITPOINT WARNING * * *
You are more poisoned.
The adder poisons you!
It was a potion of attraction.
You feel attractive to monsters.
* * * LOW HITPOINT WARNING * * *
You feel very sick. The hound bites you but does no damage.
The adder barely misses you. The hound bites you.
You die...

#####.### ##.....##
##...## #.# ##...##
.### ##.#########+##
.# ##........# .# .#
##.....###.# .# .#
#.......##.###.##
##......##.##...#####
##.....##.#.....$...
##.#.......@h...#
###########S#### .#
.# .# .# .# .#


You could see a hound and an adder.

Vanquished Creatures
  A worm (D:2)
  A bat (D:1)
  An endoplasm (D:1)
  A goblin (D:2)
  2 hobgoblins (D:1)
  4 kobolds
  A quokka (D:1)
  A ball python (D:1)
  2 frilled lizards
  3 rats (D:2)
17 creatures vanquished.

Vanquished Creatures (others)
  A plant (D:1)
1 creature vanquished.

Grand Total: 18 creatures vanquished

Notes
Turn   | Place    | Note
-------+----------+-------------------------------------------
     0 | D:1      | Hrothgar the Hill Orc Monk began the quest for the Orb.
     0 | D:1      | Reached XP level 1. HP: 19/19 MP: 1/1
   292 | D:1      | Reached XP level 2. HP: 23/27 MP: 2/2
   380 | D:2      | Gained mutation: You are agile. (Dex +4, Str/Int -1)
                  | [potion of mutation]
   380 | D:2      | Gained mutation: You are robust. (+10% HP) [potion of
                  | mutation]
   599 | D:2      | Found Jeewnynyt's Antique Armour Emporium.
   681 | D:2      | HP: 1/29 [poisoned by an adder]
   681 | D:2      | Slain by a hound

Illustrated notes

Levels and vault maps discovered:
D:1:      sevenhm_arrival_forest_fort_small_6, layout_loops_ring,
          hellmonk_ecumenical_altar_the_god_not_taken, serial_bayou_lake_a
D:2:      layout_loops_corners, serial_shops, shop, nicolae_square_shop, shop,
          nicolae_diamond_shop, minmay_misc_feat_tiny, grunt_ministairs_11

Action                   || total
-------------------------++-------
Melee: Hand axe          ||    55
       Punch             ||     1
  Use: Potion            ||     4
 Stab: Sleeping          ||     3
Armor: Robe              ||    11
Dodge: Dodged            ||    44
